 Dungeon Crawl Stone Soup version 0.31.0-32-g396128a36d (webtiles) character file.

Game seed: 17395601549947068457

538 Peloso the Covered (level 7, -10/60 HPs)
             Began as a Minotaur Fighter on Mar 23, 2024.
             Mangled by Edmund
             ... wielding a +2 heavy dire flail
              (17 damage)
             ... on level 4 of the Dungeon.
             The game lasted 00:05:35 (2704 turns).

Peloso the Covered (Minotaur Fighter)               Turns: 2704, Time: 00:05:36

Health: -10/60     AC: 11    Str: 21    XL:     7   Next: 5%
Magic:  6/6        EV:  8    Int:  5    God:
Gold:   185        SH:  7    Dex: 11    Spells: 6/6 levels left

rFire   . . .        a - +0 long sword
rCold   . . .        d - +2 buckler
rNeg    . . .        c - +0 chain mail
rPois   .            (helmet restricted)
rElec   .            (no cloak)
rCorr   .            r - +0 pair of gloves
SInv    .            (no boots)
Will    .....        (no amulet) Stlth
                     (no ring)
HPRegen 0.30/turn    (no ring)
MPRegen 0.10/turn

%: no passive effects
@: no status effects
A: horns 2, retaliatory headbutt
a: no special abilities


You were on level 4 of the Dungeon.
You visited 1 branch of the dungeon, and saw 4 of its levels.

You collected 185 gold pieces.

Inventory:

Hand Weapons
 a - a +0 long sword (weapon)
Armour
 b - a +0 scale mail
 c - a +0 chain mail (worn)
 d - a +2 buckler (worn)
 r - a +0 pair of gloves (worn)
Scrolls
 f - 4 scrolls of teleportation {unknown}
 g - a scroll of fear {unknown}
 i - a scroll of noise {unknown}
 j - a scroll of blinking {unknown}
 k - 2 scrolls of identify {unknown}
 m - a scroll of fog {unknown}
 n - 4 scrolls of amnesia {unknown}
 p - a scroll of immolation {unknown}
Potions
 e - a potion of attraction
 h - 5 potions of curing
 l - a potion of might
 o - a potion of mutation {unknown}
 q - 2 potions of berserk rage {unknown}


   Skills:
 + Level 4.8 Fighting
 + Level 5.8 Long Blades
 + Level 6.0 Armour
 + Level 1.9 Dodging
 + Level 0.1 Stealth
 + Level 5.0 Shields


You had 6 spell levels left.
You didn't know any spells.
Your spell library contained the following spells:

 Spells                   Type           Power      Damage    Failure   Level
 Dazzling Flash           Conj/Hex       0%         N/A       100%        3
 Mephitic Cloud           Conj/Alch/Air  0%         N/A       100%        3
 Curse of Agony           Necr           0%         N/A       100%        5
 Silence                  Hex/Air        0%         N/A       100%        5


Dungeon Overview and Level Annotations

Branches:
Dungeon (4/15)
 Temple: D:4-7

Altars:
Gozag
Nemelex Xobeh

Annotations:
D:4 Edmund


Innate Abilities, Weirdness & Mutations

You have a pair of horns on your head.
You reflexively headbutt those who attack you in melee.


Message History

There is a stone staircase leading up here.
There are monsters nearby!
Found a scratched steel ring.
A jelly comes into view.
Edmund hits you with a +2 heavy dire flail!!
You barely miss Edmund. You slash Edmund!
Edmund is lightly wounded.
Edmund hits you with a +2 heavy dire flail.
You slash Edmund!
Edmund is moderately wounded.
Edmund hits you with a +2 heavy dire flail.
You closely miss Edmund.
Edmund is moderately wounded.
Edmund completely misses you.
You closely miss Edmund.
Edmund is moderately wounded.
You hit Edmund. Your headbutt misses Edmund.
Edmund is heavily wounded.
Edmund hits you but does no damage.
You hit Edmund but do no damage.
Edmund is heavily wounded.
Edmund hits you with a +2 heavy dire flail!
You hit Edmund but do no damage.
Edmund is heavily wounded.
You block Edmund's attack.
You hit Edmund. Your headbutt misses Edmund.
Edmund is heavily wounded.
You barely miss Edmund.
Edmund is heavily wounded.
Edmund hits you with a +2 heavy dire flail!!
* * * LOW HITPOINT WARNING * * *
You closely miss Edmund. You headbutt Edmund.
Edmund is heavily wounded.
You block Edmund's attack.
You closely miss Edmund. You headbutt Edmund, but do no damage.
Edmund is heavily wounded.
Edmund hits you with a +2 heavy dire flail!
You die...
Edmund says, "I'd like to see a scythe do that!"

#.## ##...###.
......... ###
.......#. ##..
.........
#...#g..=...#
#.#.#@##...####
#...<@.........
#.#.#.###[#####
....## # #.#.#
#.#. # #. .. ..


You could see Edmund and a hobgoblin.

Vanquished Creatures
  Sigmund (D:2)
  A bombardier beetle (D:3)
  Jessica (D:3)
  3 orc wizards (D:3)
  Natasha (thrice) (D:3)
  4 adders
  3 gnolls (D:2)
  A dart slug (D:2)
  A ribbon worm (D:2)
  10 orcs (D:3)
  9 ball pythons
  5 endoplasms
  4 giant cockroaches
  8 goblins
  7 hobgoblins
  6 jackals
  7 kobolds
  5 quokkas
  4 bats
  3 frilled lizards
  5 rats
91 creatures vanquished.

Notes
Turn   | Place    | Note
-------+----------+-------------------------------------------
     0 | D:1      | Peloso the Minotaur Fighter began the quest for the Orb.
     0 | D:1      | Reached XP level 1. HP: 19/19 MP: 0/0
    81 | D:1      | Found a faded altar of an unknown god.
   116 | D:1      | Reached XP level 2. HP: 16/27 MP: 1/1
   252 | D:1      | Reached skill level 4 in Armour
   329 | D:1      | Reached XP level 3. HP: 29/33 MP: 2/2
   789 | D:2      | Reached XP level 4. HP: 40/40 MP: 3/3
  1027 | D:2      | Reached skill level 1 in Dodging
  1177 | D:2      | Noticed Sigmund
  1281 | D:2      | Killed Sigmund
  1282 | D:2      | Reached skill level 5 in Armour
  1282 | D:2      | Reached XP level 5. HP: 47/47 MP: 4/4
  1282 | D:2      | Reached XP level 6. HP: 53/53 MP: 5/5
  1360 | D:3      | Reached skill level 5 in Long Blades
  1820 | D:3      | Noticed Natasha
  1830 | D:3      | Killed Natasha
  2091 | D:3      | Noticed Natasha
  2097 | D:3      | Killed Natasha
  2226 | D:3      | Found an opulent altar of Gozag.
  2227 | D:3      | Found a sparkling altar of Nemelex Xobeh.
  2228 | D:3      | Noticed Jessica
  2237 | D:3      | Killed Jessica
  2297 | D:3      | Reached skill level 5 in Shields
  2406 | D:3      | Noticed Natasha
  2416 | D:3      | Killed Natasha
  2417 | D:3      | Reached skill level 6 in Armour
  2417 | D:3      | Reached XP level 7. HP: 60/60 MP: 6/6
  2687 | D:4      | Noticed Edmund
  2704 | D:4      | Mangled by Edmund

Illustrated notes

Levels and vault maps discovered:
D:1:      spicycebolla_green_bress_n_ham, layout_basic,
          dreamdust_ecumenical_altar_grove, st_stairs_4
D:2:      layout_rooms, uniq_sigmund
D:3:      layout_loops_corners, grunt_temple_overflow_opulence, uniq_jessica,
          uniq_natasha
D:4:      layout_loops_ring, mainiacjoe_overflow_six_doors_small, zin_academy,
          overflow_temple_1_default, minmay_misc_feat_doors, uniq_grinder,
          uniq_edmund, uniq_ijyb, uniq_duvessa

Skill      XL: |  1  2  3  4  5  6 |
---------------+-------------------+-----
Armour         | 4 5 6 |  6.0
Fighting       | 4 |  4.8
Shields        | 4 5 |  5.0
Long Blades    | 3 4 5 |  5.8
Dodging        | 1 |  1.9
Stealth        | |  0.1

Action                     |  1- 3 |  4- 6 |  7- 9 || total
---------------------------+-------+-------+-------++-------
  Melee: Long sword        |    92 |   157 |    13 ||   262
         Headbutt          |     5 |    27 |     2 ||    34
    Use: Potion            |     4 |       |       ||     4
 Armour: Scale mail        |    69 |    81 |       ||   150
         Chain mail        |       |    33 |     7 ||    40
  Dodge: Dodged            |    55 |    58 |     2 ||   115
  Block: Buckler           |    22 |    42 |     2 ||    66
